 Dungeon Crawl Stone Soup version 0.24-a0-309-g1095bca (webtiles) character file.

Game seed: 4474986553901203573

102 galech the Skirmisher (level 4, -2/37 HPs)
             Began as a Demonspawn Fighter on May 14, 2019.
             Slain by a worm (7 damage)
             ... on level 3 of the Dungeon.
             The game lasted 00:01:29 (2209 turns).

galech the Skirmisher (Demonspawn Fighter)          Turns: 2209, Time: 00:01:29

Health: -2/37      AC:  9    Str: 16    XL:     4   Next: 49%
Magic:  4/4        EV:  4    Int:  9    God:
Gold:   159        SH:  9    Dex: 14    Spells: 3/3 levels left

rFire    + . .     SeeInvis .   a - +0 war axe
rCold    x . .     Gourm    .   c - +0 shield
rNeg     + . .     Faith    .   q - +0 chain mail {rN+}
rPois    .         Spirit   .   (helmet restricted)
rElec    .         Reflect  .   (no cloak)
rCorr    .         Harm     .   (no gloves)
MR       .....                  (no boots)
Stlth    ..........             (no amulet)
HPRegen  1.12/turn              e - ring of fire
MPRegen  0.09/turn              (no ring)

@: slowed, very slow
A: antennae 1, powered by death 1
a: no special abilities


You were on level 3 of the Dungeon.
You were not hungry.

You visited 1 branch of the dungeon, and saw 3 of its levels.

You collected 159 gold pieces.

Inventory:

Hand Weapons
 a - a +0 war axe (weapon)
Armour
 c - a +0 shield (worn)
 q - a +0 chain mail of positive energy (worn)
Jewellery
 e - a ring of fire (left hand)
 n - an uncursed ring of fire
Scrolls
 h - 2 scrolls of fear {unknown}
 i - 2 scrolls of identify {unknown}
 o - 2 scrolls of teleportation {unknown}
 p - a scroll of random uselessness {unknown}
Potions
 d - a potion of might
 g - 2 potions of lignification {unknown}
 j - 4 potions of curing {unknown}
 k - a potion of flight {unknown}
 l - a potion of resistance {unknown}
Comestibles
 f - 5 rations


   Skills:
 + Level 3.7 Fighting
 + Level 2.9 Axes
 + Level 3.0 Armour
 + Level 0.4 Dodging
 + Level 0.8 Stealth
 + Level 3.1 Shields


You had 3 spell levels left.
You didn't know any spells.
Your spell library was empty.

Dungeon Overview and Level Annotations

Branches:
Dungeon (3/15)

Altars:


Innate Abilities, Weirdness & Mutations

You have a pair of small antennae on your head.
You regenerate a little health from kills.


Message History

The worm bites you but does no damage.
You closely miss the jackal.
The jackal is almost dead.
You hit the worm. You slash the worm!
The jackal bites you but does no damage.
You block the jackal's attack. x2; The worm bites you.
* * * LOW HITPOINT WARNING * * *
You block the worm's attack. The jackal closely misses you.
You completely miss the jackal.
The jackal is almost dead.
You hit the worm.
Your shield and chain mail prevent you from hitting the worm.
The jackal barely misses you. The jackal completely misses you.
You block the worm's attack. The worm bites you!
* * * LOW HITPOINT WARNING * * *
You hit the jackal.
You kill the jackal!
You barely miss the worm. You slash the worm! You block the worm's attack.
The worm bites you!
You die...

....####
.......#
#......#
#......#
#......#
#......#
#......#####
##.<.w†......
#....@w......
#.##+###.....
#.# ... #)# .
#.# #.# #.#
#.# #..


You could see 2 worms.

Vanquished Creatures
  An orc wizard (D:3)
  2 adders (D:2)
  2 worms (D:2)
  2 dart slugs
  3 leopard geckos
  3 orcs (D:3)
  3 giant cockroaches
  3 hobgoblins
  3 jackals (D:3)
  3 kobolds
  2 quokkas (D:2)
  A ball python (D:2)
  4 bats
  2 frilled lizards (D:2)
  A goblin (D:2)
  5 rats
40 creatures vanquished.

Notes
Turn   | Place    | Note
-------+----------+-------------------------------------------
     0 | D:1      | galech the Demonspawn Fighter began the quest for the Orb.
     0 | D:1      | Reached XP level 1. HP: 18/18 MP: 1/1
   377 | D:1      | Gained mutation: You have a pair of small antennae on your
                  | head. [demonic ancestry]
   377 | D:1      | Reached XP level 2. HP: 22/24 MP: 2/2
  1013 | D:2      | Gained mutation: You regenerate a little health from kills.
                  | [demonic ancestry]
  1013 | D:2      | Reached XP level 3. HP: 10/29 MP: 3/3
  2196 | D:3      | Reached XP level 4. HP: 34/36 MP: 4/4
  2209 | D:3      | Slain by a worm

Levels and vault maps discovered:
D:1:      dpeg_arrival_stone_temple_mockup, layout_basic
D:2:      layout_basic
D:3:      minmay_spotlight, layout_basic, overflow_temple_1_default,
          uniq_terence

Skill      XL: |  1  2  3  4 |
---------------+-------------+-----
Axes           | 2 |  2.9
Shields        | 3 |  3.1
Armour         | 3 |  3.0
Fighting       | |  3.7
Dodging        | |  0.4
Stealth        | |  0.8

Action                   |  1- 3 |  4- 6 || total
-------------------------+-------+-------++-------
Melee: War axe           |   117 |    13 ||   130
  Eat: Chunk             |     4 |       ||     4
Armor: Scale mail        |    49 |       ||    49
       Chain mail        |     3 |    27 ||    30
Dodge: Dodged            |    27 |     7 ||    34
Block: Shield            |    52 |    21 ||    73

Table legend:
 A = Non-vault XP
 B = Vault XP
 C = Vault XP percentage of total XP
 D = Non-vault monster count
 E = Vault monster count
 F = Vault count percentage of total count
                 A         B        C        D         E       F
            +---------+---------+-------+---------+---------+-------
      Total |     146 |       0 |   0.0 |      40 |       0 |   0.0
            +---------+---------+-------+---------+---------+-------
        D:1 |      21 |       0 |   0.0 |      11 |       0 |   0.0
        D:2 |      68 |       0 |   0.0 |      22 |       0 |   0.0
        D:3 |      57 |       0 |   0.0 |       7 |       0 |   0.0
            +---------+---------+-------+---------+---------+-------
